Map: Vaani Research Station (Void)

Players

Fropez

  • Race: Protoss Protoss
  • League: Gold
  • Spawn Location: 12:00

YourDoom - Winner!

  • Race: Zerg Zerg
  • League: Gold
  • Spawn Location: 6:00

VOD

Have the link to the VOD?

Description

Time

  • Played on: Jan. 1, 2017, 2:06 a.m.
  • Length: 11:51
Show
View Real Time Build Order
Export as new Build Order

Fropez Protoss 

Build Orders:  

Get SALT Encoding   

  12  0:01  Probe (Chrono Boost)  
  13  0:11  Probe (Chrono Boost)  
  14  0:19  Pylon  
  14  0:23  Probe (Chrono Boost)  
  15  0:38  Probe (Chrono Boost)  
  15  0:41  Gateway  
  16  0:48  Probe (Chrono Boost)  
  17  0:53  Assimilator  
  17  0:59  Probe (Chrono Boost)  
  18  1:13  Pylon  
  18  1:16  Pylon  
  18  1:20  Probe (Chrono Boost)  
  18  1:21  Pylon  
  19  1:33  Pylon  
  19  1:35  Pylon  
  19  1:37  Probe (Chrono Boost), Cybernetics Core  
  20  1:41  Assimilator  
  20  1:56  Probe (Chrono Boost)  
  21  2:02  Pylon  
  21  2:09  Probe (Chrono Boost)  
  22  2:20  Warp Gate  
  22  2:21  Nexus  
  22  2:27  Mothership Core (Chrono Boost)  
  24  2:38  Adept  
  26  2:47  Probe (Chrono Boost)  
  27  2:59  Probe (Chrono Boost)  
  29  3:05  Adept  
  29  3:16  Probe (Chrono Boost)  
  31  3:28  Probe (Chrono Boost)  
  31  3:30  Pylon  
  31  3:33  Probe (Chrono Boost)  
  32  3:40  Pylon, Probe (Chrono Boost)  
  33  3:43  Adept  
  35  3:55  Probe x2 (Chrono Boost)  
  37  4:05  Stargate  
  37  4:07  Assimilator x2  
  38  4:10  Probe (Chrono Boost)  
  38  4:11  Probe (Chrono Boost)  
  39  4:34  Gateway  
  39  4:35  Gateway  
  39  4:37  Probe (Chrono Boost), Gateway  
  36  4:45  Twilight Council  
  36  4:47  Adept  
  36  4:49  Probe (Chrono Boost)  
  36  4:50  Probe (Chrono Boost)  
  40  5:00  Probe (Chrono Boost)  
  40  5:04  Probe (Chrono Boost)  
  42  5:10  Probe (Chrono Boost)  
  42  5:12  Resonating Glaives  
  43  5:14  Gateway  
  43  5:16  Probe (Chrono Boost)  
  45  5:22  Probe (Chrono Boost)  
  45  5:28  Probe (Chrono Boost)  
  46  5:32  Adept  
  46  5:33  Pylon  
  46  5:34  Probe (Chrono Boost)  
  49  5:36  Adept  
  49  5:40  Adept, Probe (Chrono Boost)  
  54  5:54  Probe (Chrono Boost)  
  54  5:55  Probe (Chrono Boost)  
  54  5:56  Pylon  
  56  6:05  Gateway  
  56  6:08  Probe (Chrono Boost)  
  56  6:09  Probe (Chrono Boost)  
  58  6:12  Robotics Facility  
  58  6:20  Probe (Chrono Boost)  
  58  6:21  Probe (Chrono Boost)  
  60  6:35  Adept  
  60  6:36  Adept x4  
  60  6:50  Gateway  
  60  6:55  Pylon  
  60  6:57  Pylon  
  60  7:03  Forge  
  60  7:04  Probe x2 (Chrono Boost)  
  60  7:06  Forge  
  60  7:07  Adept x2  
  60  7:08  Adept x2  
  64  7:42  Adept x3  
  64  7:43  Adept x3  
  76  7:58  Probe x2 (Chrono Boost), Gateway  
  78  8:01  Gateway  
  78  8:03  Observer, Stalker x3  
  85  8:09  Blink  
  85  8:27  Nexus  
  85  8:30  Pylon  
  85  8:33  Pylon  
  85  8:43  Warp Prism, Pylon  
  87  8:48  Assimilator  
  87  8:52  Assimilator  
  87  8:56  Pylon  
  87  8:59  Protoss Ground Weapons Level 1  
  87  9:00  Pylon  
  87  9:02  Stalker x2  
  87  9:03  Stalker x2  
  87  9:04  Pylon  
  95  9:10  Pylon, Protoss Ground Armor Level 1  
  95  9:15  Pylon  
  95  9:17  Probe x2 (Chrono Boost)  
  97  9:19  Pylon  
  97  9:26  Adept x2  
  97  9:27  Adept x2  
  105  9:36  Immortal  
  109  9:39  Sentry x4  
  109  9:43  Probe (Chrono Boost)  
  118  9:55  Probe (Chrono Boost)  
  118  9:56  Probe x2 (Chrono Boost)  
  119  10:02  Adept x4  
  118  10:10  Stalker  
  89  10:22  Stalker x3  
  89  10:37  Stalker x3  
  95  10:48  Pylon  
  93  10:50  Photon Cannon  
  93  11:02  Stalker  
  93  11:03  Stalker  
  89  11:07  Pylon  
  89  11:08  Pylon  
  80  11:38  Zealot x5  
  80  11:39  Zealot x2  
Show
View Real Time Build Order
Export as new Build Order

YourDoom Zerg - Winner!

Build Orders: 3 Hatch before Pool 

Get SALT Encoding   

  12  0:04  Drone  
  13  0:10  Drone  
  14  0:33  Overlord  
  14  0:50  Drone, Hatchery  
  14  0:51  Drone  
  14  0:56  Drone  
  16  1:04  Drone  
  17  1:26  Drone  
  18  1:50  Drone x2  
  20  2:10  Drone x2  
  22  2:21  Drone  
  23  2:28  Drone  
  24  2:30  Drone x2  
  24  2:31  Drone  
  27  2:43  Drone  
  28  3:00  Hatchery  
  28  3:04  Drone  
  28  3:13  Spawning Pool  
  28  3:14  Drone  
  28  3:22  Extractor, Drone  
  28  3:29  Overlord  
  28  3:31  Overlord  
  28  3:32  Overlord  
  28  3:48  Drone  
  28  3:49  Drone x2  
  28  3:51  Drone x2  
  33  4:02  Drone  
  34  4:04  Queen  
  34  4:07  Extractor  
  34  4:09  Drone  
  36  4:14  Extractor  
  32  4:36  Roach Warren  
  27  4:39  Queen, Drone x2  
  27  4:40  Drone  
  27  4:42  Drone x2  
  34  4:46  Queen  
  34  4:49  Drone  
  37  4:53  Drone  
  37  4:55  Drone  
  39  5:04  Drone  
  40  5:08  Drone  
  41  5:17  Roach  
  41  5:18  Roach x3  
  49  5:26  Lair  
  49  5:28  Pneumatized Carapace  
  49  5:39  Drone x2  
  49  5:41  Overlord  
  49  5:42  Drone  
  52  5:45  Overlord  
  52  5:51  Extractor, Drone  
  52  5:56  Spore Crawler  
  51  5:59  Evolution Chamber  
  51  6:00  Drone x2  
  54  6:18  Drone x3  
  54  6:19  Drone  
  58  6:25  Zergling x2  
  58  6:26  Roach x3  
  56  6:46  Drone  
  57  6:48  Drone x4  
  57  6:51  Zerg Missile Weapons Level 1  
  61  6:55  Evolution Chamber  
  61  6:57  Overlord, Roach  
  62  7:02  Glial Reconstitution  
  62  7:10  Roach x3  
  68  7:21  Overseer  
  67  7:39  Overlord x4  
  67  7:47  Zergling x2  
  67  7:48  Overlord x3  
  68  7:51  Zerg Ground Armor Level 1  
  68  7:52  Hatchery  
  68  7:57  Infestation Pit  
  66  8:02  Roach x3  
  72  8:15  Roach x2  
  76  8:27  Lair  
  76  8:33  Roach x6  
  76  8:34  Hatchery, Roach  
  89  8:37  Hive  
  89  8:45  Roach x2  
  93  8:59  Drone, Roach x2  
  93  9:00  Roach x3  
  104  9:15  Queen  
  104  9:16  Drone x2  
  108  9:17  Roach x3  
  108  9:18  Roach  
  116  9:26  Roach x2  
  116  9:27  Roach  
  116  9:28  Roach  
  116  9:29  Overlord  
  124  9:37  Drone x3  
  127  9:40  Roach  
  127  9:44  Overlord x2  
  127  9:45  Overlord  
  118  10:21  Roach  
  118  10:22  Roach x6  
  118  10:23  Roach x6  
  144  10:39  Roach x4  
  144  10:40  Overlord x2  
  144  10:41  Overlord  
  118  11:04  Extractor  
  118  11:06  Extractor  
  112  11:14  Roach x4  
  112  11:15  Roach x6  
Tags
 
Add a new tag
Caveats
  • Supply blocks, unpowered buildings, or Contaminate may cause inaccurate times.
  • Supply counts are checked every 10 seconds.